 Dungeon Crawl Stone Soup version 0.32-a0-630-g46d191b0ed (webtiles) character file.

Game seed: 3734170412664161540

19320 Alarak the Mimic (level 12, -9/77 HPs)
             Began as an Octopode Shapeshifter on Mar 6, 2024.
             Was a Believer of Cheibriados.
             Mangled by an orc knight
             ... wielding a +0 dire flail
              (26 damage)
             ... on level 12 of the Dungeon.
             The game lasted 00:52:46 (14250 turns).

Alarak the Mimic (Octopode Shapeshifter)           Turns: 14250, Time: 00:52:47

Health: -9/77      AC:  4    Str: 30    XL:     12   Next: 67%
Magic:  31/36      EV: 25    Int: 23    God:    Cheibriados [**....]
Gold:   424        SH:  0    Dex: 18    Spells: 11/11 levels left

rFire   x .          .
                       - Unarmed
rCold   + . .        (shield currently unavailable)
rNeg    . . .        o - +3 hat of Pondering {ponderous, Will+ MP+10 Int+5}
rPois   +            Q - amulet of regeneration
rElec   .            l - ring of magical power
rCorr   .            y - ring of poison resistance
SInv    .            M - ring of ice
Will    +....        K - +5 ring of evasion
Stlth   +++          O - +6 ring of strength
HPRegen 1.12/turn    (no ring)
MPRegen 0.25/turn    (no ring)
                     (no ring)

%: no passive effects
@: flux-form, glowing, very slow
A: glow, contaminating, almost no armour, amphibious, 8 rings, camouflage 1,
gelatinous body 1, (nimble swimmer 1), tentacles
a: Begin Untransformation, Renounce Religion, Bend Time


You were on level 12 of the Dungeon.
You worshipped Cheibriados.
Cheibriados was pleased with you.
You were something dangerously unstable.
You visited 2 branches of the dungeon, and saw 14 of its levels.

You collected 1444 gold pieces.
You spent 1020 gold pieces at shops.

Inventory:

Hand Weapons
 B - a +4 dagger
Missiles
 v - a throwing net (quivered)
Armour
 o - the +3 hat of Pondering (worn) {ponderous, Will+ MP+10 Int+5}
   (You took it off Gastronok on level 9 of the Dungeon)

   Int+5:     It affects your intelligence (+5).
   Will+:     It increases your willpower.
   MP+10:     It affects your magic capacity (+10).
 q - a +4 kite shield
 L - a +0 buckler
Jewellery
 e - an amulet of reflection
 l - a ring of magical power (left tentacle)
 p - an amulet of guardian spirit
 t - an amulet of the acrobat
 x - a ring of magical power
 y - a ring of poison resistance (right tentacle)
 K - a +5 ring of evasion (on tentacle)
 M - a ring of ice (on tentacle)
 O - a +6 ring of strength (on tentacle)
 Q - an amulet of regeneration (around mantle)
Talismans
 b - a beast talisman
 c - a flux talisman (active)
 N - a serpent talisman
Wands
 j - a wand of polymorph (3)
 n - a wand of digging (3)
 r - a wand of paralysis (14)
 s - a wand of mindburst (6)
 D - a wand of flame (27)
 E - a wand of iceblast (19)
 I - a wand of acid (7)
Scrolls
 a - a scroll of enchant weapon
 i - a scroll of poison
 k - 3 scrolls of fog
 A - 4 scrolls of teleportation
 C - a scroll of blinking
 F - 2 scrolls of immolation
 H - 3 scrolls of amnesia
 J - a scroll of enchant armour
 S - a scroll of identify
Potions
 d - 5 potions of curing
 f - a potion of ambrosia
 g - 2 potions of resistance
 h - 2 potions of attraction
 m - a potion of haste
 u - a potion of enlightenment
 w - a potion of might {unknown}
 z - a potion of brilliance
 G - a potion of degeneration {unknown}
 P - a potion of lignification
Miscellaneous
 R - a sack of spiders


   Skills:
 - Level 5.3 Fighting
 + Level 5.9 Dodging
 - Level 10.1 Stealth
 - Level 10.2 Unarmed Combat
 - Level 7.0 Invocations
 - Level 12.8 Shapeshifting


You had 11 spell levels left.
You didn't know any spells.
Your spell library contained the following spells:

 Spells                   Type           Power      Damage    Failure   Level
 Freeze                   Ice            0%         1d3       16%         1
 Kiss of Death            Conj/Necr      0%         2d5       16%         1
 Summon Small Mammal      Summ           0%         N/A       16%         1
 Ensorcelled Hibernation  Hex/Ice        0%         N/A       24%         2
 Call Canine Familiar     Summ           0%         N/A       43%         3
 Confusing Touch          Hex            0%         N/A       43%         3
 Frozen Ramparts          Ice            0%         1d1       43%         3
 Hailstorm                Conj/Ice       0%         3d5       43%         3
 Passwall                 Erth           0%         N/A       43%         3
 Swiftness                Air            0%         N/A       43%         3
 Dispel Undead            Necr           0%         3d6       83%         4
 Leda's Liquefaction      Alch/Erth      0%         N/A       83%         4
 Petrify                  Alch/Erth      0%         N/A       83%         4
 Summon Blazeheart Golem  Fire/Summ      0%         N/A       83%         4
 Lee's Rapid Deconstruct  Erth           0%         3d4*      99%         5
 Metabolic Englaciation   Hex/Ice        0%         N/A       99%         5
 Bombard                  Conj/Erth      0%         9d1       100%        6


Dungeon Overview and Level Annotations

Branches:
Dungeon (13/15)            Temple (1/1) D:6            Lair (0/5) D:10
    Orc (0/2) D:12
 Vaults: D:13-14

Altars:
Ashenzari
Cheibriados
Dithmenos
Elyvilon
Fedhas
Gozag
Hepliaklqana
Kikubaaqudgha
Makhleb
Nemelex Xobeh
Okawaru
Qazlal
Ru
Sif Muna
Trog
Uskayaw
Vehumet
Wu Jian
Xom
Yredelemnul
Zin
The Shining One

Shops:
D:3 [!=   D:11 !


Innate Abilities, Weirdness & Mutations

You are something dangerously unstable.
You glow with magical radiation, making you easy to see and hit.
Foes you strike become dangerously contaminated with magical radiation.
You are incapable of wielding weapons or throwing items.
You cannot wear most types of armour.
You are amphibious.
You can wear up to eight rings at the same time.
Your skin changes colour to match your surroundings (Stealth+).
Your rubbery body absorbs attacks. (AC +1, EV +1)
((You are camouflaged when in or above water. (Stealth+)))
You have tentacles for arms and can constrict up to eight enemies at once.


Message History

The two-headed ogre completely misses you.
The two-headed ogre misses you.
You fail to use your ability.
The orc knight closely misses you.
You warp the flow of time around you!
The two-headed ogre shouts in stereo!
The orc knight barely misses you. The two-headed ogre closely misses you.
The two-headed ogre hits you with a +0 giant club.
The orc knight misses you.
There is a stone staircase leading up here.
Okay, then.
The orc knight barely misses you.
You climb upwards.
There is a stone staircase leading down here.
The flow of time bends around you.
Cheibriados rebukes the orc knight.
The orc knight seems to slow down.
Cheibriados rebukes the two-headed ogre.
The two-headed ogre seems to slow down.
You can no longer warp the flow of time around you.
The two-headed ogre closely misses you. x2
You tentacle-slap the two-headed ogre.
The two-headed ogre begins to glow.
The two-headed ogre is lightly wounded.
The orc knight hits you but does no damage.
You tentacle-slap the two-headed ogre.
The two-headed ogre glows dangerously bright.
You squeeze the two-headed ogre.
The two-headed ogre is lightly wounded.
The two-headed ogre hits you with a +0 giant club!!
* * * LOW HITPOINT WARNING * * *
The two-headed ogre completely misses you.
You tentacle-slap the two-headed ogre.
The two-headed ogre shudders as magic cascades through it!!
The two-headed ogre twists and deforms.
The two-headed ogre is heavily wounded.
The orc knight hits you with a +0 dire flail!
* * * LOW HITPOINT WARNING * * *
You feel better.
The orc knight hits you with a +0 dire flail!!
You die...
Cheibriados appreciates the motionlessness of death.

..# #........##.##.#.#
#.# #.###'##.##.##.#.#
#.# #.# #.##.##......#
#.# #.###.##.#####.###
#.# #.....##.# #.# #.##
#..#...#.# #.# ...##
#...>....# #.# #.#.##
#...###.O# #.#
#.##.####...# #.p#####.#
#...........###o.......#
.#.#########...#########
#.## ##### ###


You could see an orc knight (slow) and a two-headed ogre (slow, misshapen).

Vanquished Creatures
  Gastronok (D:9)
  5 two-headed ogres
  A harpy (shapeshifter) (D:13)
  3 cyclopes
  An ugly thing (D:11)
  An elephant (D:10)
  3 slime creatures (D:12)
  Maggie (D:7)
  A gargoyle (D:11)
  2 unseen horrors
  A tengu conjurer (D:13)
  4 trolls
  A hornet (D:8)
  Prince Ribbit (D:5)
  A shadow (D:11)
  2 wyverns
  29 yaks
  10 vampire mosquitoes
  Menkaure (D:5)
  An acid dragon (D:8)
  A water moccasin (D:7)
  4 black bears
  2 sky beasts
  2 orc warriors
  An ice beast (D:6)
  An ogre (D:6)
  5 centaurs
  4 kobold brigands
  A bullfrog (D:9)
  5 wights (D:6)
  2 jellies
  12 killer bees
  2 howler monkeys
  4 hounds
  6 orc priests
  Crazy Yiuf (D:4)
  A gnoll bouda (D:6)
  5 iguanas
  A sleepcap (D:8)
  12 orc wizards
  Robin (D:3)
  8 gnolls
  6 adders
  2 white imps (D:7)
  A dart slug (D:1)
  2 ribbon worms
  58 orcs
  3 endoplasms (D:1)
  6 giant cockroaches
  13 goblins
  12 hobgoblins
  2 jackals (D:3)
  2 quokkas
  7 ball pythons
  4 bats
  A frilled lizard (D:1)
  29 kobolds
  6 rats
305 creatures vanquished.

Notes
Turn   | Place    | Note
-------+----------+-------------------------------------------
     0 | D:1      | Alarak the Octopode Shapeshifter began the quest for the
                  | Orb.
     0 | D:1      | Reached XP level 1. HP: 13/13 MP: 1/1
   226 | D:1      | Reached XP level 2. HP: 13/18 MP: 2/2
   465 | D:1      | Reached XP level 3. HP: 12/23 MP: 3/3
   912 | D:1      | Found a faded altar of an unknown god.
  1331 | D:2      | Reached XP level 4. HP: 27/29 MP: 4/4
  1855 | D:3      | Noticed Robin
  1859 | D:3      | Killed Robin
  1970 | D:3      | Found Xoexzek's Jewellery Shop.
  2079 | D:3      | Found Ycoocoic's Distillery.
  2130 | D:3      | Reached XP level 5. HP: 27/36 MP: 5/5
  2207 | D:3      | Found a shimmering blue altar of Sif Muna.
  2327 | D:3      | Found Honithi's Antique Armour Emporium.
  2827 | D:4      | Reached XP level 6. HP: 44/45 MP: 6/6
  2941 | D:4      | Reached skill level 5 in Fighting
  3188 | D:4      | Found a runed translucent door.
  3189 | D:4      | Noticed Crazy Yiuf
  3668 | D:4      | Killed Crazy Yiuf
  3712 | D:5      | Entered Level 5 of the Dungeon
  3804 | D:5      | Noticed an orc warrior
  3961 | D:5      | Killed an orc warrior
  3962 | D:5      | Reached skill level 4 in Shapeshifting
  3962 | D:5      | Reached XP level 7. HP: 33/50 MP: 7/7
  4075 | D:5      | Found a hide-covered altar of Uskayaw.
  4111 | D:5      | Noticed Prince Ribbit
  4291 | D:5      | Reached skill level 5 in Shapeshifting
  4357 | D:5      | Noticed Menkaure
  4366 | D:5      | Killed Prince Ribbit
  4367 | D:5      | Reached skill level 6 in Shapeshifting
  4367 | D:5      | Killed Menkaure
  4368 | D:5      | Reached XP level 8. HP: 40/55 MP: 8/8
  4752 | D:5      | Reached skill level 7 in Shapeshifting
  4969 | D:6      | Found a staircase to the Ecumenical Temple.
  4991 | Temple   | Entered the Ecumenical Temple
  5167 | D:6      | Reached skill level 8 in Shapeshifting
  5631 | D:6      | Found a glowing golden altar of the Shining One.
  5631 | D:6      | Found an ancient bone altar of Kikubaaqudgha.
  5886 | D:6      | Reached XP level 9. HP: 51/61 MP: 9/9
  5996 | D:6      | Found a radiant altar of Vehumet.
  6033 | D:6      | Reached skill level 5 in Dodging
  6266 | D:6      | Reached skill level 5 in Unarmed Combat
  6707 | D:7      | Found a basalt altar of Yredelemnul.
  7324 | D:7      | Reached skill level 5 in Stealth
  7372 | D:7      | Found a burning altar of Makhleb.
  7372 | D:7      | Found a glowing silver altar of Zin.
  7429 | D:7      | Reached XP level 10. HP: 53/66 MP: 10/10
  8046 | D:7      | Noticed Maggie
  8054 | D:7      | Found a sacrificial altar of Ru.
  8063 | D:7      | Killed Maggie
  8334 | D:8      | Found an ornate altar of the Wu Jian Council.
  8402 | D:8      | Reached skill level 10 in Stealth
  8775 | D:8      | Noticed a two-headed ogre
  8859 | D:8      | Found an iron altar of Okawaru.
  8871 | D:8      | You fall into a shaft and drop 3 floors!
  8881 | D:10     | Entered Level 10 of the Dungeon
  9180 | D:8      | Killed a two-headed ogre
  9181 | D:8      | Reached skill level 9 in Shapeshifting
  9362 | D:9      | Identified the +0 pair of gloves of Ixkaum Emumu {Str+3}
  9847 | D:9      | Noticed Gastronok
  9864 | D:9      | Killed Gastronok
  9865 | D:9      | Reached skill level 10 in Shapeshifting
  9865 | D:9      | Reached XP level 11. HP: 52/72 MP: 11/11
 10020 | D:9      | Reached skill level 11 in Shapeshifting
 10349 | D:10     | Identified a scroll of acquirement
 10566 | D:10     | Reached skill level 12 in Shapeshifting
 10792 | D:10     | Acquired 754 gold pieces
 10883 | D:10     | Found a stormy altar of Qazlal.
 11114 | D:10     | Found a shadowy altar of Dithmenos.
 11117 | D:10     | Found a white marble altar of Elyvilon.
 11122 | D:10     | Found a snail-covered altar of Cheibriados.
 11126 | D:10     | Became a worshipper of Cheibriados the Contemplative
 11462 | D:3      | Bought a +5 ring of evasion for 360 gold pieces
 11462 | D:3      | Bought a serpent talisman for 300 gold pieces
 11462 | D:3      | Bought a +6 ring of strength for 360 gold pieces
 11785 | D:10     | Found a staircase to the Lair.
 12138 | D:11     | Noticed a cyclops
 12157 | D:11     | Killed a cyclops
 12382 | D:11     | Found Vuciu's Distillery.
 12385 | D:11     | Noticed a cyclops
 12393 | D:11     | Killed a cyclops
 12492 | D:11     | Noticed a purple ugly thing
 12500 | D:11     | Killed a purple ugly thing
 12532 | D:11     | Reached XP level 12. HP: 77/77 MP: 12/12
 12537 | D:11     | Noticed a two-headed ogre
 12543 | D:11     | Reached * piety under Cheibriados
 12546 | D:11     | Killed a two-headed ogre
 12850 | D:12     | Reached skill level 10 in Unarmed Combat
 12942 | D:12     | Reached skill level 1 in Invocations
 12958 | D:12     | Reached ** piety under Cheibriados
 12972 | D:12     | Found a staircase to the Orcish Mines.
 13028 | D:12     | Noticed a two-headed ogre
 13038 | D:12     | Killed a two-headed ogre
 13188 | D:12     | Noticed a two-headed ogre
 13192 | D:12     | Killed a two-headed ogre
 13208 | D:12     | Noticed a two-headed ogre
 13215 | D:12     | Killed a two-headed ogre
 13216 | D:12     | Reached skill level 5 in Invocations
 13938 | D:13     | Reached *** piety under Cheibriados
 14230 | D:13     | Noticed a two-headed ogre
 14231 | D:13     | Noticed a two-headed ogre
 14250 | D:12     | Mangled by an orc knight

Illustrated notes

Levels and vault maps discovered:
D:1:      heliophobic_arrival_henge, layout_basic,
          ebering_ecumenical_altar_hall, minivault_24
D:2:      layout_basic
D:3:      layout_loops_ring, lemuel_blue_sif_altar, serial_shops,
          nicolae_shop_industrial_runoff, nicolae_diamond_shop, shop,
          nrook_loot_triangle, st_stairs_5, uniq_robin
D:4:      layout_gridville, hangedman_decor_diamond_cutter,
          uniq_crazy_yiuf_cottage
D:5:      cheibrodos_quashed, layout_gridville, lemuel_tele_altar, st_stairs_12,
          hangedman_decor_opposing, uniq_prince_ribbit1, uniq_menkaure
D:6:      layout_basic, lemuel_crystal_altar, jmf_multi_god_temple,
          minmay_temple_entry_junction
D:7:      layout_cave_pods, grunt_temple_overflow_order_and_chaos_2,
          kennysheep_little_box, nicolae_ru_the_path_less_chosen,
          minmay_microvault, uniq_maggie
D:8:      layout_loops_ring, mainiacjoe_overflow_catwalk, okawaru_trees_1,
          corexii_leaking_fountain
D:9:      layout_loops_ring, uniq_gastronok
D:10:     layout_basic, grunt_temple_overflow_diamond,
          nicolae_qazlal_scattered_showers, david_lair_generic, nicolae_titane
D:11:     layout_loops_ring, serial_shops, shop
D:12:     layout_loops_corners, hiddenorc2_lemuel
D:13:     layout_loops_corners, david_vaults_1
Temple:   nicolae_temple_bog_church

Skill      XL: |  1  2  3  4  5  6  7  8  9 10 11 12 |
---------------+-------------------------------------+-----
Unarmed Combat | 4 7 9 10 | 10.2
Fighting       | 2 3 4 5 |  5.3
Shapeshifting  | 4 6 8 10 12 | 12.8
Dodging        | 4 5 |  5.9
Stealth        | 7 10 | 10.1
Invocations    | 7 |  7.0

Action                     |  1- 3 |  4- 6 |  7- 9 | 10-12 || total
---------------------------+-------+-------+-------+-------++-------
  Melee: Unarmed           |    36 |       |   118 |   482 ||   636
         Tentacles         |    11 |    16 |    50 |   143 ||   220
         Constrict         |    13 |    35 |    37 |    82 ||   167
         Short sword       |    17 |    55 |       |       ||    72
         Dagger            |       |    50 |       |       ||    50
         Quarterstaff      |       |     6 |    54 |       ||    60
         Punch             |       |       |       |     3 ||     3
 Invoke: Bend Time         |       |       |       |     1 ||     1
         Temporal Distorti |       |       |       |     1 ||     1
Ability: Begin Untransform |       |       |     1 |       ||     1
    Use: Scroll            |       |    12 |     5 |     9 ||    26
         Potion            |       |       |     2 |     5 ||     7
   Stab: Sleeping          |     5 |     4 |     2 |     4 ||    15
         Distracted        |     1 |       |       |     1 ||     2
 Armour: Skin              |    13 |    43 |    78 |   202 ||   336
  Dodge: Dodged            |    18 |    57 |   136 |   455 ||   666
  Block: Other             |     8 |     5 |       |       ||    13
   Form: Flux              |       |       |     1 |     1 ||     2
         Serpent           |       |       |       |     1 ||     1

Table legend: (Time is in decaauts)
 A = Elapsed time spent in this place.
 B = Non-inter-level travel time spent in this place.
 C = Inter-level travel time spent in this place.
 D = Time resting spent in this place.
 E = Time spent auto-exploring this place.
 F = Levels seen in this place.
 G = Mean time per level.
                   A        B        C        D        E       F      G
               +--------+--------+--------+--------+--------+-----+--------+
         Total |  15396 |  14197 |   1199 |   2893 |   9094 |  14 | 1099.7 |
       Dungeon |  15284 |  14164 |   1120 |   2862 |   9092 |  13 | 1175.7 |
        Temple |    112 |     33 |     79 |     31 |      2 |   1 |  112.0 |
               +--------+--------+--------+--------+--------+-----+--------+

Top non-repeatable levels by time:
     D:6: 2112 daAuts
    D:10: 1677 daAuts
    D:12: 1531 daAuts
     D:4: 1285 daAuts
     D:7: 1273 daAuts
     D:5: 1198 daAuts
     D:1: 1081 daAuts
     D:8: 1035 daAuts
     D:3: 997 daAuts
     D:9: 966 daAuts
    D:11: 965 daAuts
    D:13: 615 daAuts
     D:2: 543 daAuts
  Temple: 112 daAuts
